 Dungeon Crawl Stone Soup version 0.21-a0-110-g8e1637b (webtiles) character file.

12043 tilp the Destroyer (level 11, 0/94 HPs)
             Began as a Hill Orc Fire Elementalist on July 8, 2017.
             Was a High Priest of Okawaru.
             Slain by a killer bee (8 damage)
             ... on level 11 of the Dungeon on July 9, 2017.
             The game lasted 01:05:45 (18487 turns).

tilp the Destroyer (Hill Orc Fire Elementalist)    Turns: 18487, Time: 01:05:46

Health: 0/94       AC: 10    Str: 12    XL:     11   Next: 87%
Magic:  2/16       EV: 14    Int: 18    God:    Okawaru [*****.]
Gold:   776        SH:  0    Dex: 11    Spells: 0/17 levels left

rFire    + . .     SeeInvis .   a - +2 dagger (venom)
rCold    . . .     Gourm    .   (no shield)
rNeg     . . .     Faith    .   B - +3 leather armour {rF+}
rPois    .         Spirit   .   J - +1 helmet
rElec    .         Reflect  .   (no cloak)
rCorr    .         Harm     .   (no gloves)
MR       .....                  w - +1 pair of boots
Stlth    +.........             (no amulet)
HPRegen  0.25/turn              (no ring)
MPRegen  0.15/turn              (no ring)

@: no status effects
A: no striking features
a: Heroism, Finesse, Renounce Religion


You were on level 11 of the Dungeon.
You worshipped Okawaru.
Okawaru was extremely pleased with you.
You were not hungry.

You visited 2 branches of the dungeon, and saw 12 of its levels.

You collected 974 gold pieces.
You spent 198 gold pieces at shops.

Inventory:

Hand Weapons
 a - a +2 dagger of venom (weapon)
 M - a +2 trident of protection
 N - a +2 flail of protection
 X - a +0 battleaxe
Missiles
 t - 8 javelins
 E - 8 poisoned javelins (quivered)
 R - a throwing net
Armour
 w - a +1 pair of boots (worn)
 B - a +3 leather armour of fire resistance (worn)
 H - a +2 leather armour of cold resistance
 J - a +1 helmet (worn)
 O - a +0 robe of magic resistance
 W - a +0 troll leather armour
Wands
 f - a wand of acid (7/15)
 j - a wand of lightning (5/15)
 l - a wand of flame (0/48)
 s - a wand of random effects (28/48)
 u - a wand of iceblast (5/15)
 I - a wand of clouds (7/9)
Scrolls
 m - 4 scrolls of teleportation
 p - 2 scrolls of magic mapping {unknown}
 q - a scroll of enchant armour
 r - a scroll of fear {unknown}
 v - 2 scrolls of recharging {unknown}
 x - a scroll of remove curse
 y - 2 scrolls of amnesia {unknown}
 C - 2 scrolls of immolation {unknown}
 F - a scroll of blinking {unknown}
 P - a scroll of enchant weapon
Potions
 d - a potion of resistance {unknown}
 e - 2 potions of heal wounds {unknown}
 g - a potion of cancellation {unknown}
 h - 2 potions of berserk rage
 i - a potion of mutation {unknown}
 n - 3 potions of lignification
 o - 6 potions of curing
 z - a potion of haste
 A - a potion of degeneration {unknown}
 D - 2 potions of agility
 G - 4 potions of flight
 L - 2 potions of might
Books
 b - a book of Flames

   Spells                             Type                      Level
   a - Flame Tongue                   Conjuration/Fire             1
   b - Throw Flame                    Conjuration/Fire             2
   c - Conjure Flame                  Conjuration/Fire             3
   d - Inner Flame                    Hexes/Fire                   3
   e - Sticky Flame                   Conjuration/Fire             4
   f - Fireball                       Conjuration/Fire             5
 K - a book of Callings

   Spells                             Type                      Level
   a - Summon Small Mammal            Summoning                    1
   b - Call Imp                       Summoning                    2
   c - Call Canine Familiar           Summoning                    3
   d - Summon Guardian Golem          Hexes/Summoning              3
   e - Summon Lightning Spire         Summoning/Air                4
   f - Summon Ice Beast               Ice/Summoning                4
 S - a book of Air

   Spells                             Type                      Level
   a - Shock                          Conjuration/Air              1
   b - Swiftness                      Charms/Air                   2
   c - Static Discharge               Conjuration/Air              3
   d - Airstrike                      Air                          4
   e - Lightning Bolt                 Conjuration/Air              5
Miscellaneous
 Q - a phantom mirror
 V - a lightning rod (4/4)
Comestibles
 c - 9 bread rations
 k - 7 chunks of flesh


   Skills:
 + Level 7.9 Fighting
 + Level 4.2 Armour
 + Level 5.9 Dodging
 - Level 1.5 Stealth
 - Level 3.6 Spellcasting
 - Level 10.4 Conjurations
 - Level 10.4 Fire Magic
 - Level 7.0 Invocations


You couldn't memorise any spells.
You knew the following spells:

 Your Spells              Type           Power        Failure   Level  Hunger
a - Flame Tongue          Conj/Fire      #####        1%          1    None
b - Throw Flame           Conj/Fire      #####.       1%          2    ##.....
c - Conjure Flame         Conj/Fire      #####...     1%          3    ###....
d - Sticky Flame          Conj/Fire      #####...     2%          4    ####...
e - Summon Small Mammal   Summ           #...         19%         1    None
f - Shock                 Conj/Air       ###.         2%          1    None
g - Fireball              Conj/Fire      #####.....   8%          5    ######.


Dungeon Overview and Level Annotations

Branches:
Dungeon (11/15)            Temple (1/1) D:5            Lair (0/6) D:9
    Orc: D:9-12

Altars:
Ashenzari
Cheibriados
Dithmenos
Elyvilon
Fedhas
Gozag
Hepliaklqana
Kikubaaqudgha
Makhleb
Nemelex Xobeh
Okawaru
Qazlal
Ru
Sif Muna
Trog
Uskayaw
Vehumet
Wu Jian
Xom
Yredelemnul
Zin
The Shining One
Beogh

Shops:
D:10 *


Message History

You kill the six-headed hydra!
Okawaru is honoured by your kill.
Your Armour skill increases to level 4!
The killer bee stings you but does no damage.
Casting: Sticky Flame
Confirm with . or Enter, or press ? or * to list all spells.
Aiming: Sticky Flame
Press: ? - help, Shift-Dir - straight line, f - killer bee
Aim: a killer bee The sticky flame hits the killer bee.
The killer bee is lightly wounded.
The killer bee is covered in liquid flames!
The killer bee burns!
The killer bee stings you!
* * * LOW HITPOINT WARNING * * *
The killer bee misses you. x2
The killer bee burns!
The killer bee burns!
The killer bee stops burning.
The wyvern hisses menacingly.
The wyvern closely misses you. The killer bee stings you!
You die...

.........#...........##.... ...).
.................##...#.... 5....
................#####.#.##. .....
........#...............##. l.!..
...........................#..>..
.........##....._.....## .y...
........######....÷....####y)#
........# #...l...#..y.#!#
........# #####.@yy..##y.†..##
........###......y...##......#
............###......##....#.....
........##### #########....##..##
.......## #....# #... #.....##
#....# ##. ####### #....# # #
#....# #....#


You could see a wyvern and 3 killer bees.

Vanquished Creatures
  A hydra (D:11)
  A two-headed ogre (D:9)
  An unseen horror (D:8)
  Pikel (D:5)
  An ugly thing (D:11)
  2 trolls (D:9)
  Grinder (D:6)
  3 hippogriffs
  2 wyverns
  Eustachio (D:6)
  A fire bat (D:8)
  5 yaks
  A hungry ghost (D:11)
  Edmund (D:5)
  3 wargs (D:9)
  3 water moccasins
  An ice beast (D:7)
  2 sky beasts (D:8)
  5 orc warriors (D:9)
  6 phantoms
  A black bear (D:9)
  A necrophage (D:9)
  9 ogres
  5 centaurs
  Blork the orc (D:5)
  10 bullfrogs
  5 scorpions
  8 killer bees
  A water moccasin skeleton (D:4)
  6 howler monkeys
  A centaur zombie (D:11)
  2 crimson imps
  4 jellies
  2 quasits
  A bullfrog zombie (D:9)
  3 hounds
  2 centaur skeletons
  7 orc priests
  10 orc wizards
  A bullfrog skeleton (D:9)
  5 iguanas
  A gnoll shaman (D:6)
  7 worker ants
  2 hound zombies
  2 hound skeletons (D:9)
  12 adders
  6 gnolls
  An ooze (D:1)
  An adder zombie (D:8)
  A worm (D:2)
  A dart slug (D:1)
  9 leopard geckos
  56 orcs
  4 ball pythons
  A bat (D:1)
  16 giant cockroaches
  8 goblins
  6 hobgoblins
  22 jackals
  9 kobolds
  7 quokkas
  A ball python skeleton (D:5)
  6 frilled lizards
  A leopard gecko zombie (D:5)
  A quokka zombie (D:9)
  5 rats
313 creatures vanquished.

Vanquished Creatures (collateral kills)
  A hungry ghost (D:10)
1 creature vanquished.

Vanquished Creatures (others)
  A slave (D:6)
  A worker ant (D:6)
  A shadow imp (D:6)
  An orc (D:6)
  10 fungi (D:8)
14 creatures vanquished.

Grand Total: 328 creatures vanquished

Notes
Turn   | Place    | Note
-------+----------+-------------------------------------------
     0 | D:1      | tilp the Hill Orc Fire Elementalist began the quest for the Orb.
     0 | D:1      | Reached XP level 1. HP: 14/14 MP: 3/3
   165 | D:1      | Reached XP level 2. HP: 20/20 MP: 3/5
   755 | D:1      | Reached XP level 3. HP: 26/26 MP: 4/6
   759 | D:1      | Learned a level 2 spell: Throw Flame
   763 | D:1      | Learned a level 3 spell: Conjure Flame
  1759 | D:2      | Reached XP level 4. HP: 15/33 MP: 5/7
  2919 | D:3      | Reached XP level 5. HP: 38/38 MP: 4/8
  3337 | D:3      | Found a white marble altar of Elyvilon.
  3337 | D:3      | Found a snail-covered altar of Cheibriados.
  4174 | D:4      | Reached XP level 6. HP: 39/45 MP: 6/9
  4180 | D:4      | Learned a level 4 spell: Sticky Flame
  4601 | D:4      | Reached skill level 5 in Fire Magic
  5275 | D:4      | Reached XP level 7. HP: 50/50 MP: 2/10
  5568 | D:4      | Reached skill level 5 in Conjurations
  5635 | D:5      | Entered Level 5 of the Dungeon
  5643 | D:5      | Found a blossoming altar of Fedhas.
  6085 | D:5      | Found a staircase to the Ecumenical Temple.
  6098 | Temple   | Entered the Ecumenical Temple
  6209 | Temple   | Became a worshipper of Warmaster Okawaru
  6449 | D:5      | Reached XP level 8. HP: 51/57 MP: 3/11
  7234 | D:5      | Found a shadowy altar of Dithmenos.
  7470 | D:6      | Noticed Eustachio
  7531 | D:6      | Reached * piety under Okawaru
  7586 | D:6      | Noticed Edmund
  7589 | D:6      | Noticed Grinder
  7590 | D:6      | Noticed Blork the orc
  7602 | D:5      | Killed Edmund
  7741 | D:6      | Noticed Pikel
  7785 | D:5      | Killed Pikel
  7785 | D:5      | Reached ** piety under Okawaru
  7785 | D:5      | Reached XP level 9. HP: 24/62 MP: 0/12
  8301 | D:5      | Killed Blork the orc
  8403 | D:6      | Killed Eustachio
  8955 | D:6      | Paralysed by Grinder for 5 turns
  8967 | D:6      | Killed Grinder
  9020 | D:6      | Reached *** piety under Okawaru
  9837 | D:7      | Reached skill level 10 in Conjurations
 10425 | D:7      | Reached XP level 10. HP: 69/69 MP: 2/13
 10565 | D:8      | Reached skill level 10 in Fire Magic
 10896 | D:8      | Reached skill level 1 in Invocations
 11014 | D:8      | Reached skill level 1 in Fighting
 11022 | D:8      | Reached **** piety under Okawaru
 11638 | D:8      | Noticed an unseen horror
 11643 | D:8      | Killed an unseen horror
 11856 | D:8      | Found a radiant altar of Vehumet.
 11857 | D:8      | Found a burning altar of Makhleb.
 12000 | D:8      | Learned a level 1 spell: Summon Small Mammal
 12637 | D:9      | Learned a level 1 spell: Shock
 13103 | D:9      | Reached skill level 5 in Invocations
 13396 | D:9      | Found a staircase to the Lair.
 13820 | D:9      | Noticed a two-headed ogre
 13833 | D:9      | Killed a two-headed ogre
 13833 | D:9      | Reached ***** piety under Okawaru
 13833 | D:9      | Reached skill level 5 in Fighting
 13833 | D:9      | Reached XP level 11. HP: 86/86 MP: 2/16
 13840 | D:9      | Learned a level 5 spell: Fireball
 14876 | D:9      | Found a roughly hewn altar of Beogh.
 15405 | D:9      | Reached skill level 5 in Dodging
 15545 | D:10     | Entered Level 10 of the Dungeon
 15827 | D:10     | Reached skill level 1 in Armour
 17121 | D:10     | Found Menaery's General Store.
 17126 | D:10     | Bought a potion of lignification for 33 gold pieces
 17126 | D:10     | Bought a wand of iceblast (5/15) for 99 gold pieces
 17126 | D:10     | Bought a scroll of remove curse for 33 gold pieces
 17126 | D:10     | Bought a potion of curing for 33 gold pieces
 18310 | D:11     | Found a shattered altar of Ashenzari.
 18351 | D:11     | Noticed a brown ugly thing
 18403 | D:11     | Killed a brown ugly thing
 18468 | D:11     | Noticed a six-headed hydra
 18479 | D:11     | Killed a six-headed hydra
 18487 | D:11     | Slain by a killer bee

Vault maps used:
D:1:      dpeg_arrival_erosion
D:2:      minmay_roachtagon
D:3:      gammafunk_temple_overflow_elements, first_bread, bh_walls_and_bars
D:5:      minmay_temple_entry_statues_pillars, basic_altar,
          grunt_dithmenos_shadows
D:6:      uniq_pikel, uniq_blork_the_orc, uniq_grinder, uniq_edmund,
          uniq_eustachio
D:7:      kennysheep_generic_room_4
D:8:      grunt_temple_overflow_lords_of_destruction, minmay_gold_behind_fungi,
          hangedman_incinerator
D:9:      erik_lair_orcish_takeover, special_room
D:10:     serial_shops, shop_statue
D:11:     basic_altar, uniq_harold, uniq_erolcha, uniq_sonja
Temple:   dpeg_five_rooms_temple

Skill      XL: |  1  2  3  4  5  6  7  8  9 10 11 |
---------------+----------------------------------+-----
Spellcasting   | 2 3 |  3.6
Conjurations   | 2 3 4 5 8 10 | 10.4
Fire Magic     | 4 6 8 9 10 | 10.4
Invocations    | 6 7 |  7.0
Fighting       | 5 7 |  7.9
Dodging        | 4 5 |  5.9
Armour         | 4 |  4.2
Stealth        | |  1.5

Action                   |  1- 3 |  4- 6 |  7- 9 | 10-12 || total
-------------------------+-------+-------+-------+-------++-------
Melee: Dagger            |    94 |    88 |   101 |   429 ||   712
       Club              |     1 |       |       |       ||     1
       Short sword       |       |   113 |    17 |       ||   130
       Mace              |       |    13 |       |       ||    13
       Punch             |       |       |       |     1 ||     1
Throw: Javelin           |       |       |       |     6 ||     6
 Cast: Flame Tongue      |    39 |   112 |   155 |   212 ||   518
       Throw Flame       |       |     6 |    16 |    22 ||    44
       Conjure Flame     |       |     4 |     3 |    12 ||    19
       Sticky Flame      |       |       |    21 |    53 ||    74
       Fireball          |       |       |       |     3 ||     3
       Summon Small Mamm |       |       |       |     1 ||     1
Invok: Heroism           |       |       |       |     3 ||     3
       Finesse           |       |       |       |     1 ||     1
Evoke: Wand              |       |       |       |     2 ||     2
  Use: Scroll            |       |     3 |     6 |     8 ||    17
       Potion            |       |       |       |     3 ||     3
 Stab: Sleeping          |     1 |       |     1 |     1 ||     3
       Distracted        |       |     1 |       |       ||     1
  Eat: Chunk             |     1 |     4 |     7 |    13 ||    25
       Bread ration      |     1 |       |       |     1 ||     2
       Meat ration       |       |     1 |     3 |     5 ||     9
       Royal jelly       |       |     1 |       |     1 ||     2
       Fruit             |       |       |       |    10 ||    10
Armor: Robe              |    26 |    40 |       |       ||    66
       Leather armour    |       |    51 |    68 |   162 ||   281
Dodge: Dodged            |    85 |   148 |    94 |   348 ||   675
